AoeStats
← 5coinz

Arabian Desert

509688639Analyzed
1v1 RM · 3d ago on Sep 27, 2026· 35m 28s· 2 players
Game mode
Random Map
Map size
Tiny (2 player)
Population
200
Speed
Normal
Resources
Standard
Victory
Conquest
Starting age
Dark Age
Ending age
Imperial Age
RankedLock teamsTeams togetherTeam positionsShared explorationLock speedFull tech treeHidden civsTurbo modeCheats
Victory
Defeat
🇧🇬 Bulgarians · Bulgaria
556
+15
🇫🇷 Aztecs · France
532
-15
Corwen
11:22 Feudal Age
11:59 Double-Bit Axe
11:57 Horse Collar
14:48 Wheelbarrow
14:14 Loom
23:00 Gold Mining
26:52 Castle Age
27:11 Stone Mining
27:57 Hand Cart
28:40 Pikeman
32:38 Bow Saw
32:25 Crossbowman
5coinz
11:03 Feudal Age
13:14 Wheelbarrow
21:08 Bloodlines
21:49 Forging
24:00 Castle Age
25:42 Hand Cart
25:42 Scale Barding Armor
28:23 Squires
28:10 Arson
30:42 Husbandry
30:57 Light Cavalry
31:43 Squires
34:13 Pikeman
Connection lost

Rejoining the realm…

Still unreachable

The connection could not be restored.

Session expired

The server has moved on; the page needs a fresh start.